 Dungeon Crawl Stone Soup version 0.30.0-29-ga12c61a403 (webtiles) character file.

Game seed: 16397383956296850596

1786 cheesebisquit the Cleaver (level 8, -4/61 HPs)
             Began as a Black Draconian Transmuter on June 9, 2023.
             Was an Initiate of Dithmenos.
             Shot with an arrow by a centaur (10 damage)
             ... on level 7 of the Dungeon.
             The game lasted 00:29:25 (6106 turns).

cheesebisquit the Cleaver (DrTm)                    Turns: 6106, Time: 00:29:26

Health: -4/61      AC:  7    Str: 13    XL:     8   Next: 82%
Magic:  9/11       EV: 12    Int: 21    God:    Dithmenos [......]
Gold:   414        SH:  0    Dex:  9    Spells: 1/11 levels left

rFire   + . .        s - +0 hand axe "Tues" {venom, rF+ Int+5 Dex-2}
rCold   . . .        (no shield)
rNeg    . . .        (body armour unavailable)
rPois   .            (helmet currently unavailable)
rElec   +            (no cloak)
rCorr   .            g - +0 pair of gloves
SInv    .            (boots currently unavailable)
Will    .....        (no amulet)
Stlth   +            h - ring of flight
HPRegen 0.30/turn    (no ring)
MPRegen 0.12/turn

%: no passive effects
@: short of breath, appendages, wereblooded, flying
A: horns 2, talons 2, breathe lightning, AC +6, unfitting armour, electricity
resistance, cold-blooded
a: Breathe Lightning, End Transformation, Renounce Religion


You were on level 7 of the Dungeon.
You worshipped Dithmenos.
Dithmenos was noncommittal.
You had temporarily grown beastly horns and talons.
You visited 2 branches of the dungeon, and saw 8 of its levels.
You also visited: Sewer.

You collected 498 gold pieces.
You spent 84 gold pieces at shops.

Inventory:

Hand Weapons
 s - the +0 hand axe "Tues" (weapon) {venom, rF+ Int+5 Dex-2}
   (You found it on level 3 of the Dungeon)

   Int:       It affects your intelligence (+5).
   Dex:       It affects your dexterity (-2).
   rF:        It protects you from fire.
Missiles
 r - 4 javelins
 x - 4 poisoned darts
 y - a curare-tipped dart
 z - a throwing net
Armour
 g - a +0 pair of gloves (worn)
Jewellery
 h - a ring of flight (left hand)
Wands
 f - a wand of polymorph (13)
Scrolls
 b - a scroll of vulnerability {unknown}
 e - 2 scrolls of brand weapon {unknown}
 i - 5 scrolls of teleportation
 j - 2 scrolls of fog {unknown}
 o - a scroll of silence {unknown}
 q - 4 scrolls of poison {unknown}
 u - a scroll of enchant weapon {unknown}
 v - a scroll of blinking
 w - 4 scrolls of noise {unknown}
 A - 3 scrolls of magic mapping {unknown}
 C - a scroll of immolation {unknown}
Potions
 a - 2 potions of lignification
 c - 2 potions of ambrosia
 d - 2 potions of magic
 k - a potion of resistance
 l - 8 potions of curing
 m - a potion of haste {unknown}
 n - a potion of cancellation {unknown}
 p - 2 potions of flight
 t - a potion of mutation {unknown}
 B - 2 potions of might


   Skills:
 - Level 2.0 Fighting
 + Level 9.4 Axes
 - Level 2.0 Dodging
 - Level 3.0 Unarmed Combat
 - Level 2.0 Spellcasting
 - Level 4.4 Transmutations
 + Level 4.4 Poison Magic


You had one spell level left.
You knew the following spells:

 Your Spells              Type           Power      Damage    Failure   Level
a - Beastly Appendage     Tmut           40%        N/A       2%          1
b - Wereblood             Tmut           20%        N/A       3%          2
c - Spider Form           Tmut/Pois      20%        N/A       8%          3
d - Olgreb's Toxic Radia  Pois           20%        N/A       24%         4

Your spell library contained the following spells:

 Spells                   Type           Power      Damage    Failure   Level
 Sting                    Tmut/Pois      80%        1d7       2%          1
 Poisonous Vapours        Pois/Air       22%        N/A       9%          2
 Lesser Beckoning         Tloc           4%         N/A       22%         2
 Gell's Gravitas          Tloc           2%         N/A       41%         3
 Teleport Other           Tloc           2%         N/A       41%         3
 Ice Form                 Ice/Tmut       11%        N/A       52%         4


Dungeon Overview and Level Annotations

Branches:
Dungeon (7/15)             Temple (1/1) D:7           Sewer (visited)

Altars:
Cheibriados
Dithmenos
Fedhas
Hepliaklqana
Kikubaaqudgha
Nemelex Xobeh
Ru
Trog
Uskayaw
Vehumet
Xom
Yredelemnul

Shops:
D:2 !   D:6 ((

Annotations:
D:3 Grinder


Innate Abilities, Weirdness & Mutations

You have temporarily grown beastly horns and talons.
You can breathe wild blasts of lightning.
Your glossy black scales are hard. (AC +6)
You cannot fit into any form of body armour.
You are resistant to electric shocks. (rElec)
You are cold-blooded and may be slowed by cold attacks.


Message History

Things that are here:
a +2 great sword; a +0 robe The centaur shouts!
You hit the wight. You claw the wight, but do no damage.
The wight is almost destroyed.
The wight completely misses you.
You hit the wight.
You feel a bit better.
You destroy the wight!
Dithmenos accepts your kill.
You hit the wight but do no damage.
The centaur wields a +0 shortbow.
The centaur shoots an arrow.
The arrow hits you. The wight closely misses you.
You barely miss the wight. Your kick misses the wight.
Your tail-slap misses the wight.
You hit the komodo dragon but do no damage.
The komodo dragon is poisoned.
The centaur shoots an arrow.
The arrow barely misses you. The komodo dragon bites you!!
You hit the wight. You claw the wight. Your headbutt misses the wight.
The wight is heavily damaged.
You barely miss the komodo dragon.
The centaur shoots an arrow.
The arrow barely misses you. The wight hits you with a +0 battleaxe!
* * * LOW HITPOINT WARNING * * *
You feel drained.
A wight comes into view. It is wielding a +2 falchion.
The komodo dragon barely misses you.
The centaur shoots an arrow.
The arrow barely misses you.
You slash the wight! You claw the wight.
You feel a bit better.
You destroy the wight!
Dithmenos accepts your kill.
You barely miss the komodo dragon.
The centaur shoots an arrow.
The arrow hits you.
* * * LOW HITPOINT WARNING * * *
The komodo dragon bites you.
* * * LOW HITPOINT WARNING * * *
Your life force feels restored.
You hit the komodo dragon.
The komodo dragon looks as sick as possible!
You claw the komodo dragon. You tail-slap the komodo dragon.
The komodo dragon is moderately wounded.
The centaur shoots an arrow.
The arrow hits you!
You die...

#...# #.# #.# .# # #...#
#.# #.# .#.# .#
#...###.###.##.#.## #.#.
........................
.................##.....
#....##.###...####....
#.......# #.⌠.# ...#
........###...###)..#.#.
#....##.........@)..c.z.
#....##..⌠..>..)l...#.#.
#.......................
....###...###.......
.... #.⌠.# ...#.#. .##
#...# ....... ###.#
..##... #.. ..# .. ##


You could see a komodo dragon (extremely poisoned), a centaur and a wight.

Vanquished Creatures
  A black bear (D:5)
  2 ogres
  A centaur (D:6)
  4 bullfrogs
  A kobold brigand (D:5)
  2 scorpions
  4 wights (D:7)
  2 howler monkeys
  2 hounds
  A jelly (D:6)
  2 orc priests (D:4)
  2 sleepcaps
  A gnoll bouda (D:6)
  Natasha (twice) (D:3)
  4 iguanas
  An orc wizard (D:4)
  Robin (D:4)
  4 gnolls (D:6)
  10 adders
  A river rat (D:5)
  A shadow imp (D:3)
  A white imp (D:5)
  4 ufetubi
  2 worms (D:2)
  3 dart slugs
  3 orcs
  17 endoplasms
  12 giant cockroaches
  9 goblins
  8 hobgoblins
  9 quokkas
  11 ball pythons
  3 bats
  9 frilled lizards
  12 kobolds
  7 rats
159 creatures vanquished.

Notes
Turn   | Place    | Note
-------+----------+-------------------------------------------
     0 | D:1      | cheesebisquit the Draconian Transmuter began the quest for
                  | the Orb.
     0 | D:1      | Reached XP level 1. HP: 16/16 MP: 3/3
   241 | D:1      | Reached XP level 2. HP: 24/24 MP: 3/5
  1210 | D:2      | Identified the +5 short sword "Vudevecs" {chaos, rPois}
  1327 | D:2      | Reached XP level 3. HP: 29/29 MP: 6/6
  1330 | D:2      | Learned a level 2 spell: Wereblood
  1334 | D:2      | Learned a level 3 spell: Spider Form
  1824 | D:2      | Found Itooduze's Distillery.
  1828 | D:2      | Bought a potion of curing for 42 gold pieces
  1828 | D:2      | Bought a potion of curing for 42 gold pieces
  2087 | D:3      | Noticed Grinder
  2397 | D:3      | Reached XP level 4. HP: 31/36 MP: 7/7
  2471 | D:3      | Noticed Natasha
  2479 | D:3      | Killed Natasha
  2576 | D:3      | Found a faded altar of an unknown god.
  2731 | D:3      | Identified the +0 hand axe "Tues" {venom, rF+ Int+5 Dex-2}
  2775 | D:3      | Noticed Natasha
  2787 | D:3      | Killed Natasha
  2788 | D:3      | Reached skill level 1 in Axes
  3268 | D:4      | Noticed Robin
  3278 | D:4      | Killed Robin
  3279 | D:4      | Reached skill level 2 in Axes
  3279 | D:4      | Reached XP level 5. HP: 41/41 MP: 8/8
  3492 | D:4      | Found a glowing drain.
  3508 | Sewer    | Entered a sewer
  3561 | Sewer    | Reached skill level 3 in Axes
  3715 | Sewer    | Reached skill level 4 in Axes
  3715 | Sewer    | Reached XP level 6. HP: 46/48 MP: 7/9
  3802 | D:4      | Reached skill level 5 in Axes
  4078 | D:5      | Entered Level 5 of the Dungeon
  4089 | D:5      | Your scales start taking on a glossy black colour.
  4089 | D:5      | Reached XP level 7. HP: 44/55 MP: 7/10
  4089 | D:5      | Gained mutation: You are resistant to electric shocks.
                  | (rElec) [Black Draconian growth]
  4092 | D:5      | Reached skill level 6 in Axes
  4422 | D:5      | Reached skill level 7 in Axes
  4720 | D:5      | Reached skill level 8 in Axes
  4720 | D:5      | Reached XP level 8. HP: 46/61 MP: 9/11
  4768 | D:5      | Noticed Blork the orc
  4776 | D:5      | Blork the orc changed into Blork the river rat
  4776 | D:5      | Noticed Blork
  4780 | D:5      | Killed Blork the river rat
  4884 | D:5      | Learned a level 4 spell: Olgreb's Toxic Radiance
  5200 | D:6      | Reached skill level 1 in Poison Magic
  5374 | D:6      | Found Afoobu Tell's Antique Weapon Boutique.
  5550 | D:6      | Reached skill level 9 in Axes
  5551 | D:6      | Found Kiosk's Antique Weapon Boutique.
  5950 | D:7      | Found a staircase to the Ecumenical Temple.
  5958 | Temple   | Entered the Ecumenical Temple
  6028 | Temple   | Became a worshipper of Yredelemnul the Dark
  6077 | Temple   | Fell from the grace of Yredelemnul
  6077 | Temple   | Became a worshipper of Dithmenos the Shadowed
  6096 | D:7      | Noticed a komodo dragon
  6106 | D:7      | Shot with an arrow by a centaur

Illustrated notes

Levels and vault maps discovered:
D:1:      dpeg_chamrin_arrival_tetris, layout_loops_corners, nrook_campfire,
          minmay_three_crescents
D:2:      layout_basic, serial_shops, nicolae_shop_back_alley_shop,
          kennysheep_generic_room_12
D:3:      layout_basic, dreamdust_ecumenical_altar_hidden_monk_grotto,
          minmay_misc_feat_secret_circle, grunt_ministairs_6, uniq_grinder,
          uniq_natasha
D:4:      layout_rooms, portal_sewer_entry_b, kennysheep_orc_chapel, uniq_robin
D:5:      layout_basic, uniq_blork_the_orc
D:6:      cheibrodos_helix_gallery, layout_basic, serial_shops,
          nicolae_shop_hallway_plus, shop_statue
D:7:      layout_basic, minitemple, minmay_temple_entry_junction, uniq_duvessa
Temple:   nicolae_temple_hex_pool

Skill      XL: |  1  2  3  4  5  6  7  8 |
---------------+-------------------------+-----
Fighting       | 2 |  2.0
Dodging        | 2 |  2.0
Transmutations | 3 4 |  4.4
Axes           | 2 4 5 8 9 |  9.4
Poison Magic   | 4 |  4.4
Unarmed Combat | |  3.0
Spellcasting   | |  2.0

Action                     |  1- 3 |  4- 6 |  7- 9 || total
---------------------------+-------+-------+-------++-------
  Melee: Unarmed           |   108 |    27 |       ||   135
         Kick              |    20 |    33 |    44 ||    97
         Headbutt          |    17 |    11 |    22 ||    50
         Tailslap          |    11 |    11 |    17 ||    39
         Punch             |     2 |     6 |     4 ||    12
         Hand axe          |       |   125 |   127 ||   252
   Cast: Beastly Appendage |    28 |    16 |    14 ||    58
         Wereblood         |     1 |     9 |    10 ||    20
Ability: Breathe Lightning |       |       |     3 ||     3
  Evoke: Wand              |       |       |     1 ||     1
    Use: Scroll            |       |     6 |     1 ||     7
 Armour: Skin              |    36 |    66 |    44 ||   146
  Dodge: Dodged            |    62 |    96 |   106 ||   264
